 Dungeon Crawl Stone Soup version 0.31.0-11-ge490571c62 (webtiles) character file.

Game seed: 13510680939468748646

102 qw the Shooter (level 4, -1/25 HPs)
             Began as a Deep Elf Hunter on Feb 3, 2024.
             Slain by a kobold brigand
             ... wielding a +0 whip
              (2 damage)
             ... in a sewer.
             The game lasted 00:00:41 (1814 turns).

qw the Shooter (Deep Elf Hunter)                    Turns: 1814, Time: 00:00:41

Health: -1/25      AC:  8    Str: 10    XL:     4   Next: 49%
Magic:  6/6        EV:  9    Int: 14    God:
Gold:   69         SH:  0    Dex: 18    Spells: 3/3 levels left

rFire   . . .        a - +0 shortbow
rCold   . . .        (shield currently unavailable)
rNeg    . . .        b - +0 scale mail
rPois   .            (no helmet)
rElec   .            i - +1 cloak
rCorr   .            (no gloves)
SInv    .            (no boots)
Will    +....        (no amulet)
Stlth   +            k - ring of willpower
HPRegen 0.24/turn    (no ring)
MPRegen 0.10/turn

%: no passive effects
@: lethally poisoned (-1 -> -4), very slow
A: no striking features
a: no special abilities


You were in a sewer.
You visited 1 branch of the dungeon, and saw 3 of its levels.
You also visited: Sewer.

You collected 108 gold pieces.
You spent 39 gold pieces at shops.


   Skills:
 - Level 1.5 Fighting
 + Level 7.9 Ranged Weapons
 - Level 2.4 Dodging
 - Level 1.2 Stealth


You had 3 spell levels left.
You didn't know any spells.
Your spell library was empty.

Inventory:

Hand Weapons
 a - a +0 shortbow (weapon)
Armour
 b - a +0 scale mail (worn)
 i - a +1 cloak (worn)
Jewellery
 k - a ring of willpower (left hand)
Potions
 c - 2 potions of mutation {unknown}
 e - a potion of curing
 f - a potion of enlightenment
 j - a potion of might

Dungeon Overview and Level Annotations

Branches:
Dungeon (3/15)              Sewer (1/1)

Altars:

Shops:
D:1 !


Message History

You shoot an arrow. The arrow barely misses the kobold.
You feel sick.
The kobold hits you with a +0 short sword.
You shoot an arrow.
The arrow hits the kobold but does no damage.
You feel sick. The kobold barely misses you.
The kobold brigand throws a poisoned dart.
The poisoned dart hits you!
You are more poisoned.
The kobold hits you but does no damage.
You shoot an arrow.
The arrow closely misses the kobold brigand.
You feel very sick.
The kobold hits you with a +0 short sword.
The kobold misses you. The kobold brigand closely misses you.
You shoot an arrow.
The arrow closely misses the kobold brigand.
You feel very sick. The kobold hits you but does no damage.
The kobold hits you with a +0 short sword.
The kobold brigand barely misses you. The kobold hits you but does no damage.
You shoot an arrow.
The arrow closely misses the kobold brigand.
You feel sick.
The kobold brigand hits you with a +0 whip.
The kobold hits you but does no damage.
The kobold hits you with a +0 short sword.
The kobold hits you but does no damage. The kobold brigand barely misses you.
You shoot an arrow.
The arrow barely misses the kobold brigand.
You feel sick. The kobold hits you but does no damage.
The kobold hits you with a +0 short sword.
The kobold brigand hits you but does no damage.
You shoot an arrow. The arrow hits the kobold brigand.
The kobold brigand is lightly wounded.
You feel sick.
The kobold splashes around in the water.
The kobold barely misses you.
The kobold brigand hits you with a +0 whip.
You die...

###### ###### #.!..#
#....# #.!\.# #.\..#
#.).)# ###....#
?...#~~~#....#
###K'##~~~##))##
#.K@K~~~~~#~)..###
#..P~~#~~~#~~~...#
#...~~#~~~#~.~...##
#..~~~#~~~#.......#
#.....#~~~#P......#
#.....#~~~#~......#
##....#~~~#~~P.P..##
##..~~#~~~#~~~.....#
###.%.~~#~~~~~~~.....#


You could see a kobold brigand and 2 kobolds.

Vanquished Creatures
  3 adders
  A river rat (D:3)
  2 ribbon worms
  4 orcs
  5 ball pythons
  An endoplasm (D:1)
  3 giant cockroaches
  4 goblins
  5 hobgoblins
  10 kobolds
  4 quokkas
  5 bats
  A frilled lizard (Sewer)
  7 rats
55 creatures vanquished.

Notes
Turn   | Place    | Note
-------+----------+-------------------------------------------
     0 | D:1      | qw the Deep Elf Hunter began the quest for the Orb.
     0 | D:1      | Reached XP level 1. HP: 12/12 MP: 3/3
     0 | D:1      | 0 ||| qw: Version: 0.3-a-155-g5e7d8dd
     0 | D:1      | 0 ||| qw: Game counter: 3453
     0 | D:1      | 0 ||| qw: Melee chars always use a shield: true
     0 | D:1      | 0 ||| qw: God list: Okawaru
     0 | D:1      | 0 ||| qw: Allow faded altars: false
     0 | D:1      | 0 ||| qw: Do Orc after clearing Dungeon:15 true
     0 | D:1      | 0 ||| qw: Do second Lair branch before Depths: true
     0 | D:1      | 0 ||| qw: Lair rune preference: random
     0 | D:1      | 0 ||| qw: Goals: Normal
     0 | D:1      | 0 ||| PLANNING D:1-11
   182 | D:1      | Reached skill level 6 in Ranged Weapons
   182 | D:1      | Reached XP level 2. HP: 16/16 MP: 4/4
   564 | D:1      | Found Vill's Distillery.
   573 | D:1      | 573 ||| BUYING potion of curing (39 gold).
   573 | D:1      | Bought a potion of curing for 39 gold pieces
   573 | D:1      | 573 ||| SHOPLISTING potion of curing (39 gold, have 36).
   714 | D:1      | 714 ||| UPGRADING to +0 cloak.
   719 | D:1      | 719 ||| READING scroll labelled KICISS KE GUPP.
   720 | D:1      | 720 ||| READING scroll labelled LEGAFI QOYCUSCH.
   721 | D:1      | 721 ||| READING scroll labelled EDILID SAKKE.
   721 | D:1      | 721 ||| ENCHANTING +0 cloak.
   722 | D:1      | 722 ||| DROPPING scroll of butterflies.
   724 | D:1      | 724 ||| Stepping ~*~*~tactically~*~*~ (cloud).
   724 | D:1      | HP: 3/16 [poisoned by you (poison gas)]
   725 | D:1      | 725 ||| DRINKING 2 potions of curing.
   725 | D:1      | 725 ||| (to cure poison)
   760 | D:2      | 760 ||| STAIRDANCE
   850 | D:2      | Reached XP level 3. HP: 20/20 MP: 5/5
  1392 | D:2      | 1392 ||| UPGRADING to ring of willpower.
  1393 | D:2      | 1393 ||| READING 2 scrolls labelled JUYKOLL ODOGAGG.
  1393 | D:2      | 1393 ||| IDENTIFYING bubbling coppery potion
  1394 | D:2      | 1394 ||| READING scroll of identify.
  1394 | D:2      | 1394 ||| IDENTIFYING fizzy purple potion
  1395 | D:2      | 1395 ||| READING scroll labelled GOXOCYS CABIR.
  1396 | D:2      | 1396 ||| DRINKING 2 viscous green potions.
  1397 | D:2      | 1397 ||| DRINKING 2 inky potions.
  1398 | D:2      | 1398 ||| DROPPING potion of brilliance.
  1410 | D:3      | 1410 ||| PLANNING SEWER
  1414 | D:3      | Reached skill level 7 in Ranged Weapons
  1418 | D:3      | 1418 ||| STAIRDANCE
  1445 | D:3      | 1445 ||| STAIRDANCE
  1566 | D:3      | Reached XP level 4. HP: 25/25 MP: 6/6
  1598 | D:3      | HP: 6/25 [poisoned by an adder]
  1599 | D:3      | 1599 ||| DRINKING potion of heal wounds.
  1625 | D:3      | Found a glowing drain.
  1626 | D:3      | 1626 ||| UPGRADING to +0 scale mail.
  1636 | D:3      | 1636 ||| DROPPING +0 leather armour.
  1642 | Sewer    | Entered a sewer
  1805 | Sewer    | Noticed a kobold brigand
  1812 | Sewer    | HP: 6/25 [kobold brigand/+0 whip (1)]
  1813 | Sewer    | HP: 2/25 [poisoned by a kobold brigand]
  1814 | Sewer    | Slain by a kobold brigand

Levels and vault maps discovered:
D:1:      dpeg_arrival_arbitrary_c, layout_basic, serial_shops, shop_fountains,
          minmay_misc_feat_diagonals
D:2:      layout_basic, serial_forest, infiniplex_forest_clump_diagonal,
          infiniplex_forest_split, infiniplex_forest_end_3,
          infiniplex_forest_zigzag_1, infiniplex_forest_clump_small
D:3:      layout_basic, lemuel_coloured_pillars_altar,
          grunt_temple_overflow_open, gup_sewer_entry_bubbles,
          basic_ecumenical_altar, minmay_close_crescents, uniq_sigmund,
          uniq_natasha
Sewer:    kennysheep_pipe_town

Skill      XL: |  1  2  3 |
---------------+----------+-----
Ranged Weapons | 6 7 |  7.9
Fighting       | |  1.5
Dodging        | |  2.4
Stealth        | |  1.2

Action                     |  1- 3 |  4- 6 || total
---------------------------+-------+-------++-------
   Fire: Shortbow          |   104 |    69 ||   173
    Use: Scroll            |     6 |       ||     6
         Potion            |     3 |     1 ||     4
 Armour: Leather armour    |    16 |    12 ||    28
         Scale mail        |       |    42 ||    42
  Dodge: Dodged            |    28 |    35 ||    63

Table legend:
 A = Non-vault XP
 B = Vault XP
 C = Vault XP percentage of total XP
 D = Non-vault monster count
 E = Vault monster count
 F = Vault count percentage of total count
                 A         B        C        D         E       F
            +---------+---------+-------+---------+---------+-------
      Total |      81 |      65 |  44.5 |      34 |      21 |  38.2
            +---------+---------+-------+---------+---------+-------
        D:1 |      26 |       0 |   0.0 |      15 |       0 |   0.0
        D:2 |      40 |       0 |   0.0 |      14 |       0 |   0.0
        D:3 |      15 |      46 |  75.4 |       5 |       7 |  58.3
      Sewer |       0 |      19 | 100.0 |       0 |      14 | 100.0
            +---------+---------+-------+---------+---------+-------
